 Dungeon Crawl Stone Soup version 0.29.0-4-gdea44cf6ec (webtiles) character file.

Game seed: 11454712048168720756

9 qw the Chopper (level 2, 0/17 HPs)
             Began as a Tengu Warper on Aug 28, 2022.
             Slain by Terence
             ... wielding a +1 flail of holy wrath
              (5 damage)
             ... on level 2 of the Dungeon.
             The game lasted 00:00:03 (974 turns).

qw the Chopper (Tengu Warper)                        Turns: 974, Time: 00:00:04

Health: 0/17       AC:  8    Str: 11    XL:     2   Next: 16%
Magic:  6/6        EV:  5    Int: 13    God:
Gold:   79         SH:  0    Dex: 13    Spells: 5/5 levels left

rFire   . . .      SeeInvis .   Y - +0 hand axe
rCold   . . .      Faith    .   (no shield)
rNeg    . . .      Spirit   .   h - +0 chain mail
rPois   .          Reflect  .   (helmet restricted)
rElec   .          Harm     .   (no cloak)
rCorr   .          Rampage  .   (no gloves)
Will    .....                   (boots unavailable)
Stlth   ..........              (no amulet)
HPRegen 0.05/turn               (no ring)
MPRegen 0.10/turn               (no ring)

@: no status effects
A: beak, talons 3
a: no special abilities


You were on level 2 of the Dungeon.
You visited 1 branch of the dungeon, and saw 2 of its levels.

You collected 79 gold pieces.


Innate Abilities, Weirdness & Mutations

You have a beak for a mouth.
You have claws for feet.


   Skills:
 - Level 2.0 Fighting
 + Level 3.1 Axes
 - Level 1.0 Throwing
 - Level 1.1 Armour
 - Level 2.1 Dodging
 - Level 2.0 Spellcasting
 - Level 2.4 Translocations


You had 5 spell levels left.
You didn't know any spells.
Your spell library contained the following spells:

 Spells                   Type           Power      Damage    Failure   Level
 Blink                    Tloc           14%        N/A       100%        2
 Gell's Gravitas          Tloc           7%         N/A       100%        3
 Lesser Beckoning         Tloc           7%         N/A       100%        3
 Teleport Other           Tloc           7%         N/A       100%        3
 Manifold Assault         Tloc           7%         N/A       100%        5

Inventory:

Hand Weapons
 a - a +0 club
 Y - a +0 hand axe (weapon)
Armour
 h - a +0 chain mail (worn)
Jewellery
 b - a ring of fire
Scrolls
 i - a scroll of teleportation
 j - a scroll of identify
Potions
 c - a potion of resistance {unknown}
 d - a potion of lignification {unknown}
 g - a potion of mutation {unknown}
 l - a potion of might {unknown}

Dungeon Overview and Level Annotations

Branches:
Dungeon (2/15)

Altars:

Annotations:
D:2 Terence


Message History

You hit the goblin. Your peck misses the goblin.
The goblin is moderately wounded.
The goblin completely misses you.
You hit the goblin. You claw the goblin.
You kill the goblin!
Your Axes skill increases to level 3!
a - a +0 club You see here a goblin corpse.
You now have 72 gold pieces (gained 14).
You see here a goblin corpse.
Found a stone staircase leading down.
Found a stone staircase leading up.
There is a stone staircase leading down here.
b - a ring of fire
Found 6 poisoned darts.
A rat comes into view.
You barely miss the rat. You peck the rat.
You kill the rat!
A bat comes into view.
You hit the bat.
You kill the bat!
c - a green potion You now have 79 gold pieces (gained 7).
Terence the Incautious comes into view.
He is wielding a +1 flail of holy wrath.
Terence shouts!
A gnoll comes into view. It is wielding a +0 flail.
Enter note: The gnoll shouts!
A gnoll comes into view. It is wielding a +0 whip.
The gnoll shouts!
Terence bares his teeth.
A gnoll comes into view. It is wielding a +0 spear.
A gnoll comes into view. It is wielding a +0 whip.
The gnoll shouts! x2
Terence hits you with a +1 flail of holy wrath!
You hit Terence but do no damage.
Terence hits you with a +1 flail of holy wrath.
You hit Terence but do no damage. You claw Terence, but do no damage.
Terence hits you with a +1 flail of holy wrath.
You die...

#.# #.#.#.....#.#..
#.# #.#.#.#(###.#.#
#.#####.#.#.#.###...#
#.......#.#.#.......#
#########.#.#####.#.#
#.#......>..###
#.#<......#...####
#.###########.##..
#...@@gggg..#.##.####
###########.#..#.#...
##.#.#.## #...#.##
##..%..# ##.#...
...#.## #####.#
#####.##


You could see Terence and 4 gnolls.

Vanquished Creatures
  An endoplasm (D:2)
  2 giant cockroaches (D:1)
  A ball python (D:1)
  2 bats
  A goblin (D:2)
  A kobold (D:1)
  2 rats
10 creatures vanquished.

Notes
Turn   | Place    | Note
-------+----------+-------------------------------------------
     0 | D:1      | qw the Tengu Warper began the quest for the Orb.
     0 | D:1      | Reached XP level 1. HP: 12/12 MP: 4/4
     0 | D:1      | 0 ||| qw: Version: 0.1-a-89-g26bdef1
     0 | D:1      | 0 ||| qw: Game counter: 1559
     0 | D:1      | 0 ||| qw: Always use a shield: true
     0 | D:1      | 0 ||| qw: God list: Okawaru
     0 | D:1      | 0 ||| qw: Allow faded altars: false
     0 | D:1      | 0 ||| qw: Do Orc after D:15 true
     0 | D:1      | 0 ||| qw: Do second Lair branch before Depths: true
     0 | D:1      | 0 ||| qw: Lair rune preference: random
     0 | D:1      | 0 ||| qw: Plans: Normal
     0 | D:1      | 0 ||| PLANNING D:1-11
   376 | D:1      | 376 ||| Stepping ~*~*~tactically~*~*~ (stealth).
   377 | D:1      | 377 ||| Stepping ~*~*~tactically~*~*~ (stealth).
   783 | D:1      | 783 ||| UPGRADING to +0 chain mail.
   793 | D:1      | 793 ||| DROPPING +0 leather armour.
   794 | D:1      | 794 ||| DROPPING amulet of magic regeneration.
   795 | D:1      | 795 ||| READING 2 scrolls labelled ANUMME HEONN.
   796 | D:1      | 796 ||| READING 2 scrolls labelled KEOCEOCL UVOMUZ.
   799 | D:1      | 799 ||| READING 2 scrolls labelled GOIMMO ILOI.
   800 | D:1      | 800 ||| READING scroll labelled GUPNAX URGHISM.
   801 | D:1      | 801 ||| DROPPING scroll of poison.
   802 | D:1      | 802 ||| DROPPING scroll of blinking.
   836 | D:2      | Reached XP level 2. HP: 17/17 MP: 6/6
   853 | D:2      | Reached skill level 3 in Axes
   967 | D:2      | Noticed Terence
   974 | D:2      | Slain by Terence

Levels and vault maps discovered:
D:1:      minmay_arrival_floating_metal, layout_basic
D:2:      layout_basic, kennysheep_generic_room_9, uniq_terence

Skill      XL: |  1  2 |
---------------+-------+-----
Axes           | 3 |  3.1
Fighting       | |  2.0
Throwing       | |  1.0
Armour         | |  1.1
Dodging        | |  2.1
Spellcasting   | |  2.0
Translocations | |  2.4

Action                   || total
-------------------------++-------
Melee: Hand axe          ||    11
       Kick              ||     3
       Peck              ||     1
Throw: Boomerang         ||     7
  Use: Scroll            ||     4
Dodge: Dodged            ||     3

Table legend:
 A = Non-vault XP
 B = Vault XP
 C = Vault XP percentage of total XP
 D = Non-vault monster count
 E = Vault monster count
 F = Vault count percentage of total count
                 A         B        C        D         E       F
            +---------+---------+-------+---------+---------+-------
      Total |      14 |       0 |   0.0 |      10 |       0 |   0.0
            +---------+---------+-------+---------+---------+-------
        D:1 |       8 |       0 |   0.0 |       6 |       0 |   0.0
        D:2 |       6 |       0 |   0.0 |       4 |       0 |   0.0
            +---------+---------+-------+---------+---------+-------
